 Dungeon Crawl Stone Soup version 0.28-a0-465-ge2dae52223 (console) character file.

Game seed: 13580620854424532082

65 nht the Cutter (level 4, -1/33 HPs)
             Began as a Merfolk Brigand on Sept 14, 2021.
             Was a Follower of Zin.
             Slain by Natasha (9 damage)
             ... on level 2 of the Dungeon.
             The game lasted 00:02:49 (1390 turns).

nht the Cutter (Merfolk Brigand)                    Turns: 1390, Time: 00:02:50

Health: -1/33      AC:  3    Str: 11    XL:     4   Next: 13%
Magic:  4/4        EV: 12    Int: 10    God:    Zin [*.....]
Gold:   45         SH:  0    Dex: 16    Spells: 3/3 levels left

rFire   . . .      SeeInvis .   g - +3 dagger
rCold   . . .      Faith    .   (no shield)
rNeg    . . .      Spirit   .   b - +0 robe
rPois   .          Reflect  .   (no helmet)
rElec   .          Harm     .   c - +0 cloak
rCorr   .          Rampage  .   (no gloves)
Will    .....                   (no boots)
Stlth   +++.......              (no amulet)
HPRegen 0.11/turn               (no ring)
MPRegen 0.09/turn               (no ring)

@: no status effects
A: (nimble swimmer 2), mertail
a: Renounce Religion, Recite, Donate Gold


You were on level 2 of the Dungeon.
You worshipped Zin.
Zin was aware of your devotion.
You visited 1 branch of the dungeon, and saw 2 of its levels.

You collected 50 gold pieces.
You donated 5 gold pieces to Zin.

Inventory:

Hand Weapons
 a - a +2 dagger
 g - a +3 dagger (weapon)
Missiles
 d - 8 poisoned darts (quivered)
 e - 2 curare-tipped darts
Armour
 b - a +0 robe (worn)
 c - a +0 cloak (worn)
Scrolls
 h - a scroll of fog {unknown}
 j - a scroll of silence {unknown}
 k - a scroll of noise {unknown}
Potions
 f - a potion of lignification {unknown}
 i - 3 potions of brilliance {unknown}


   Skills:
 - Level 2.1 Fighting
 * Level 5.2 Short Blades
 - Level 2.0 Throwing
 - Level 1.3 Dodging
 - Level 4.3 Stealth


You had 3 spell levels left.
You didn't know any spells.
Your spell library was empty.

Dungeon Overview and Level Annotations

Branches:
Dungeon (2/15)

Altars:
Zin

Annotations:
D:2 Natasha


Innate Abilities, Weirdness & Mutations

((You are quick and stealthy near water. (Stealth+, EV+, Speed+++)))
Your lower body shifts to a powerful aquatic tail in water.


Message History

Natasha, Servant of Life and Death comes into view.
The bat barely misses you. The bat misses you. The bat misses you.
You hit the bat.
You kill the bat!
Natasha hisses angrily.
Natasha casts a spell at you. The magic dart hits you.
You see here 18 bolts.
Natasha extends her claws.
Natasha claws you.
You miss Natasha. You hit Natasha.
Natasha is lightly wounded.
Natasha claws you but does no damage.
You hit Natasha.
Natasha is lightly wounded.
Natasha closely misses you.
You closely miss Natasha.
Natasha is lightly wounded.
Natasha claws you.
You barely miss Natasha.
Natasha is lightly wounded.
You hit Natasha.
Natasha is moderately wounded.
Natasha claws you but does no damage.
You hit Natasha but do no damage.
Natasha is moderately wounded.
Natasha claws you.
You hit Natasha but do no damage.
Natasha is moderately wounded.
Natasha claws you!
* * * LOW HITPOINT WARNING * * *
You hit Natasha.
Natasha is heavily wounded.
You hit Natasha.
Natasha is severely wounded.
Natasha claws you!
You die... █.█ █.█ █)████████

█........█
█.████...█
██████...███
█.....)...█
█.........█
█.........█
█....(....███
█....@......█
█....h....█..
█.........█..
█......████
█......█


█████'██ █.█ █.█ You could see Natasha.

Vanquished Creatures
  2 worms (D:2)
  2 dart slugs
  7 endoplasms
  A giant cockroach (D:1)
  6 goblins
  2 hobgoblins (D:1)
  8 jackals
  4 ball pythons (D:1)
  6 bats
  4 frilled lizards (D:1)
  3 kobolds (D:1)
  6 rats
51 creatures vanquished.

Notes
Turn   | Place    | Note
-------+----------+-------------------------------------------
     0 | D:1      | nht the Merfolk Brigand began the quest for the Orb.
     0 | D:1      | Reached XP level 1. HP: 16/16 MP: 1/1
    66 | D:1      | Reached skill level 3 in Short Blades
    71 | D:1      | Reached XP level 2. HP: 21/22 MP: 2/2
   478 | D:1      | Reached skill level 4 in Short Blades
   483 | D:1      | Reached XP level 3. HP: 22/27 MP: 3/3
   757 | D:1      | Found a faded altar of an unknown god.
   770 | D:1      | Became a worshipper of Zin the Law-Giver
   770 | D:1      | Reached * piety under Zin
  1271 | D:2      | Reached skill level 5 in Short Blades
  1327 | D:2      | Reached XP level 4. HP: 33/33 MP: 4/4
  1375 | D:2      | Noticed Natasha
  1390 | D:2      | Slain by Natasha

Illustrated notes

Levels and vault maps discovered:
D:1:      matt_arrival_grand_opening, layout_loops_ring,
          shapermc_ecumenical_altar_notcrosses, minmay_tromino_v7
D:2:      layout_basic, uniq_crazy_yiuf_cottage, uniq_natasha

Skill      XL: |  1  2  3 |
---------------+----------+-----
Short Blades   | 3 4 5 |  5.2
Fighting       | |  2.1
Throwing       | |  2.0
Dodging        | |  1.3
Stealth        | |  4.3

Action                   |  1- 3 |  4- 6 || total
-------------------------+-------+-------++-------
Melee: Dagger            |   129 |    22 ||   151
 Stab: Sleeping          |     9 |     1 ||    10
Armor: Robe              |    21 |     3 ||    24
Dodge: Dodged            |    58 |     7 ||    65

Table legend: (Time is in decaauts)
 A = Elapsed time spent in this place.
 B = Non-inter-level travel time spent in this place.
 C = Inter-level travel time spent in this place.
 D = Time resting spent in this place.
 E = Time spent auto-exploring this place.
 F = Levels seen in this place.
 G = Mean time per level.
                   A        B        C        D        E       F      G
               +--------+--------+--------+--------+--------+-----+--------+
         Total |   1357 |   1317 |     40 |      0 |   1029 |   2 |  678.5 |
       Dungeon |   1357 |   1317 |     40 |      0 |   1029 |   2 |  678.5 |
               +--------+--------+--------+--------+--------+-----+--------+

Top non-repeatable levels by time:
     D:1: 1023 daAuts
     D:2: 334 daAuts
